AoeStats
← daniloangst

Arena

509095762Analyzed
4v4 RM · 6d ago on Sep 25, 2026· 40m 37s· 8 players
Game mode
Random Map
Map size
Large (8 player)
Population
200
Speed
Normal
Resources
Standard
Victory
Conquest
Starting age
Dark Age
Ending age
Imperial Age
RankedLock teamsTeams togetherTeam positionsShared explorationLock speedFull tech treeHidden civsTurbo modeCheats
Victory
Defeat
🇯🇵 Saxons · Japan
1240
+14
🇷🇺 Varangians · Russia
1205
+16
🇷🇺 Franks · Russia
1192
+16
🇷🇺 Danes · Russia
1163
+16
🇪🇸 Japanese · Spain
1212
-16
🇨🇭 Cumans · Switzerland
1206
-16
🇻🇳 Mongols · Vietnam
1185
-15
🇺🇸 Sicilians · United States
1183
-15
IkerJura23783
10:24 Feudal Age
11:18 Double-Bit Axe
13:18 Loom
15:48 Castle Age
14:35 Forging
15:03 Stone Mining
14:57 Horse Collar
17:28 Bow Saw
18:41 Gold Mining
18:54 Scale Mail Armor
18:55 Town Watch
19:47 Wheelbarrow
21:21 Chain Mail Armor
25:00 Gold Shaft Mining
28:04 Iron Casting
28:12 Squires
30:09 Town Watch
30:43 Hand Cart
33:17 Imperial Age
33:03 Heavy Plow
33:45 Arson
33:51 Gambesons
33:33 Man-at-Arms
34:15 Long Swordsman
35:12 Two-Handed Swordsman
DeleFern
9:51 Feudal Age
13:30 Loom
15:52 Castle Age
14:32 Horse Collar
15:21 Forging
25:57 Wheelbarrow
25:24 Stone Mining
25:28 Gold Mining
26:32 Double-Bit Axe
30:04 Imperial Age
28:17 Fletching
28:30 Scale Mail Armor
29:17 Hand Cart
31:39 Arson
31:56 Squires
32:30 Chain Mail Armor
32:02 Pikeman
34:21 Bodkin Arrow
36:44 Heavy Plow
38:45 Conscription
40:07 Plate Mail Armor
daniloangst
2:48 Loom
10:50 Feudal Age
17:52 Castle Age
16:24 Double-Bit Axe
17:49 Scale Barding Armor
19:06 Wheelbarrow
19:53 Horse Collar
20:27 Bow Saw
23:30 Town Watch
24:13 Chain Barding Armor
25:34 Bloodlines
26:35 Hand Cart
32:37 Imperial Age
30:23 Fletching
30:47 Forging
30:49 Heavy Plow
30:30 Elite Skirmisher
32:40 Iron Casting
32:19 Thumb Ring
32:21 Bodkin Arrow
32:49 Elite Steppe Lancer
34:19 Plate Barding Armor
38:06 Ballistics
38:51 Blast Furnace
40:56 Hoardings
40:58 Scale Mail Armor
41:02 Squires
40:23 Pikeman
Shadow
11:00 Feudal Age
12:34 Double-Bit Axe
15:34 Castle Age
17:05 Wheelbarrow
16:15 Loom
16:42 Bow Saw
19:57 Horse Collar
20:50 Hand Cart
22:14 Gold Mining
22:15 Stone Mining
24:15 Gold Shaft Mining
24:37 Heavy Plow
26:03 Stone Shaft Mining
29:15 Imperial Age
27:43 Padded Archer Armor
27:34 Fletching
27:50 Scale Barding Armor
28:24 Ballistics
28:14 Fortified Wall
27:59 Murder Holes
28:09 Pikeman
28:49 Squires
28:35 Arson
29:09 Leather Archer Armor
28:50 Bodkin Arrow
29:32 Elite Mangudai
29:57 Capped Ram
31:22 Drill
31:23 Conscription
32:11 Chemistry
31:18 Bracer
31:41 Siege Ram
33:16 Siege Engineers
39:01 Heavy Scorpion
Puzotron
10:14 Feudal Age
10:59 Horse Collar
14:54 Castle Age
15:02 Double-Bit Axe
15:16 Stone Mining
22:18 Loom
23:10 Wheelbarrow
22:44 Squires
23:13 Arson
24:36 Heavy Plow
28:30 Imperial Age
27:20 Scale Mail Armor
27:31 Forging
26:53 Hamask
29:15 Gold Mining
29:41 Bow Saw
30:08 Stone Shaft Mining
30:02 Conscription
30:34 Stone Shaft Mining
31:04 Elite Jomsviking
32:43 Chain Mail Armor
33:05 Iron Casting
33:39 Gold Shaft Mining
34:13 Plate Mail Armor
35:39 Blast Furnace
36:13 Fletching
37:28 Hoardings
38:22 Ballistics
39:02 Chemistry
37:59 Murder Holes
38:26 Bodkin Arrow
Maya
0:27 Loom
10:42 Feudal Age
15:09 Castle Age
13:17 Double-Bit Axe
13:19 Horse Collar
16:43 Bow Saw
16:51 Fletching
18:25 Crossbowman
23:38 Wheelbarrow
25:49 Hand Cart
25:23 Town Watch
25:51 Squires
25:55 Bodkin Arrow
27:30 Gold Mining
27:17 Pikeman
28:11 Heavy Plow
29:15 Thumb Ring
33:00 Imperial Age
30:21 Treadmill Crane
32:18 Ballistics
31:49 Guard Tower
32:10 Masonry
32:13 Fortified Wall
33:25 Arbalester
35:17 Chemistry
34:23 Siege Engineers
34:22 Bracer
36:36 Elite Varangian Guard
37:02 Gambesons
37:02 Arson
38:22 Two-Man Saw
37:53 Crop Rotation
37:32 Scale Mail Armor
37:33 Padded Archer Armor
38:25 Conscription
39:36 Shield Wall
HAKAKAHO
10:30 Feudal Age
11:40 Double-Bit Axe
14:35 Castle Age
12:26 Horse Collar
15:46 Bow Saw
18:48 Wheelbarrow
19:56 Heavy Plow
21:22 Hand Cart
21:29 Gold Mining
27:36 Imperial Age
25:54 Scale Mail Armor
25:43 Gambesons
25:58 Squires
27:39 Chain Mail Armor
27:35 Forging
28:25 Forging
27:41 Elite Varangian Guard
29:33 Plate Mail Armor
29:25 Conscription
28:26 Gothikon
30:05 Iron Casting
30:15 Arson
31:41 Loom
31:41 Town Watch
33:09 Blast Furnace
33:50 Capped Ram
35:23 Treadmill Crane
36:27 Scale Barding Armor
36:26 Siege Ram
WAnds | danila90r
11:02 Feudal Age
15:00 Castle Age
13:26 Double-Bit Axe
15:13 Wheelbarrow
22:38 Bow Saw
28:25 Imperial Age
27:19 Hand Cart
26:51 Loom
26:51 Town Watch
27:00 Gold Mining
28:06 Scale Barding Armor
28:12 Forging
29:34 Gold Shaft Mining
29:04 Husbandry
29:07 Cavalier
30:09 Chain Barding Armor
30:25 Iron Casting
30:46 Stone Mining
30:59 Paladin
33:03 Plate Barding Armor
34:30 Blast Furnace
35:23 Conscription
39:04 Chemistry
38:48 Coinage
Connection lost

Rejoining the realm…

Still unreachable

The connection could not be restored.

Session expired

The server has moved on; the page needs a fresh start.